AoeStats
← Genghis 232

Socotra

506778751Analyzed
4v4 RM · 16d ago on Sep 15, 2026· 25m 44s· 8 players
Game mode
Random Map
Map size
148×148
Population
200
Speed
Normal
Resources
Standard
Victory
Conquest
Starting age
Dark Age
Ending age
Imperial Age
RankedLock teamsTeams togetherTeam positionsShared explorationLock speedFull tech treeHidden civsTurbo modeCheats
Victory
Defeat
🇦🇷 Koreans · Argentina
1314
+15
🇦🇷 Hindustanis · Argentina
1285
+16
🇦🇷 Maya · Argentina
1259
+17
🇦🇷 Khitans · Argentina
1244
+18
🇪🇨 Italians · Ecuador
1303
-17
🇦🇷 Mongols · Argentina
1298
-17
🇨🇳 Franks · China
1283
-16
🇨🇳 Franks · China
1263
-16
Santiawhy
1:02 Loom
10:13 Feudal Age
10:24 Man-at-Arms
17:22 Fletching
21:24 Castle Age
19:32 Double-Bit Axe
21:26 Horse Collar
23:02 Wheelbarrow
22:37 Bodkin Arrow
22:38 Gold Mining
KingCobraCar
1:32 Loom
2:20 Loom
10:05 Feudal Age
ljysdd
11:09 Feudal Age
15:55 Castle Age
16:25 Loom
22:34 Husbandry
22:43 Scale Barding Armor
老头
7:06 Loom
10:49 Feudal Age
12:25 Double-Bit Axe
18:04 Forging
22:12 Castle Age
21:07 Scale Barding Armor
23:19 Chain Barding Armor
23:54 Iron Casting
Ipower
10:27 Feudal Age
11:46 Loom
14:50 Castle Age
15:46 Horse Collar
15:58 Double-Bit Axe
19:30 Horse Collar
22:07 Bloodlines
22:28 Bow Saw
25:01 Husbandry
25:11 Scale Barding Armor
25:33 Heavy Plow
25:57 Forging
Atilafiorito
6:48 Loom
9:12 Feudal Age
11:04 Double-Bit Axe
13:18 Forging
21:01 Castle Age
19:14 Scale Mail Armor
19:22 Scale Barding Armor
19:20 Domestication
22:29 Iron Casting
22:06 Bow Saw
23:39 Husbandry
Pepe :)
0:26 Loom
11:04 Feudal Age
20:05 Castle Age
19:03 Fletching
20:20 Crossbowman
21:03 Bodkin Arrow
Genghis 232
1:59 Loom
10:11 Feudal Age
17:23 Fletching
Connection lost

Rejoining the realm…

Still unreachable

The connection could not be restored.

Session expired

The server has moved on; the page needs a fresh start.